 Dungeon Crawl Stone Soup version 0.22-a0-21-g9421e3f (webtiles) character file.

20085 OnekoMk1 the Brawler (level 12, -2/103 HPs)
             Began as a Troll Monk on Jan 2, 2018.
             Was a High Priest of Wu Jian.
             Killed from afar by an oklob plant (16 damage)
             ... with a splash of acid
             ... on level 3 of the Lair of Beasts.
             The game lasted 00:51:47 (9372 turns).

OnekoMk1 the Brawler (Troll Monk)                   Turns: 9372, Time: 00:51:48

Health: -2/103     AC:  8    Str: 26    XL:     12   Next: 42%
Magic:  11/11      EV: 12    Int:  8    God:    Wu Jian [*****.]
Gold:   1459       SH:  0    Dex: 12    Spells: 1/11 levels left

rFire    . . .     SeeInvis .     - Unarmed
rCold    + . .     Gourm    +   (no shield)
rNeg     . . .     Faith    .   P - +2 robe {MR+}
rPois    +         Spirit   .   (helmet restricted)
rElec    .         Reflect  .   G - +2 cloak {rPois}
rCorr    .         Harm     .   (gloves unavailable)
MR       +....                  (boots unavailable)
Stlth    +++.......             p - amulet of regeneration
HPRegen  1.07/turn              g - ring of stealth
MPRegen  0.12/turn              v - ring "Xenesoz" {rC+ Int+2}

@: corroded
A: large, unfitting armour, claws 3, yellow scales 1, fast metabolism 3, frail
1, gourmand, regeneration 1, shaggy fur 1, tough skin 2
a: Wall jump, Serpent's Lash, Heavenly Storm, Renounce Religion


You were on level 3 of the Lair of Beasts.
You worshipped Wu Jian.
Wu Jian was extremely pleased with you.
You were completely stuffed.

You visited 3 branches of the dungeon, and saw 13 of its levels.
You also visited: Bailey.

You collected 1459 gold pieces.

Inventory:

Hand Weapons
 q - a +2 hand axe of venom
 F - a +2 quarterstaff of chaos
 K - a +1 shortbow (quivered)
Missiles
 y - 37 tomahawks of returning
 L - 146 arrows
Armour
 a - a +0 robe
 d - a +2 helmet
 o - a +1 pair of boots of flying
 G - a +2 cloak of poison resistance (worn)
 P - a +2 robe of magic resistance (worn)
Magical Staves
 B - an uncursed staff of cold
 M - an uncursed staff of death
 V - an uncursed staff of poison
Jewellery
 g - a ring of stealth (left claw)
 p - an amulet of regeneration (around neck)
 u - an uncursed ring of ice
 v - the ring "Xenesoz" (right claw) {rC+ Int+2}
   (You found it on level 2 of the Lair of Beasts)

   [ring of protection from cold]

   It affects your intelligence (+2).
   It protects you from cold.
 z - an uncursed amulet of magic regeneration
 R - an uncursed ring of ice
 Z - an uncursed ring of protection from fire
Wands
 f - a wand of scattershot (6)
 j - a wand of flame (61)
 A - a wand of random effects (83)
 J - a wand of disintegration (23)
 U - a wand of polymorph (5)
Scrolls
 h - 5 scrolls of amnesia
 i - 3 scrolls of teleportation
 k - 4 scrolls of remove curse
 m - 3 scrolls of magic mapping
 n - 4 scrolls of noise
 r - 4 scrolls of immolation
 s - 2 scrolls of fear
 O - 2 scrolls of random uselessness
 W - 2 scrolls of blinking
 X - a scroll of fog
Potions
 c - 3 potions of mutation
 e - 2 potions of degeneration
 w - 2 potions of brilliance
 x - 5 potions of flight
 D - 4 potions of curing
Books
 l - a book of Battle

   Spells                             Type                      Level
   a - Infusion                       Charms                       1
   b - Shroud of Golubria             Charms/Translocation         2
   c - Song of Slaying                Charms                       2
   d - Spectral Weapon                Hexes/Charms                 3
   e - Regeneration                   Charms/Necromancy            3
 E - a book of Minor Magic

   Spells                             Type                      Level
   a - Magic Dart                     Conjuration                  1
   b - Blink                          Translocation                2
   c - Call Imp                       Summoning                    2
   d - Slow                           Hexes                        2
   e - Conjure Flame                  Conjuration/Fire             3
   f - Mephitic Cloud                 Conjuration/Poison/Air       3
 Y - a book of Necromancy

   Spells                             Type                      Level
   a - Pain                           Necromancy                   1
   b - Animate Skeleton               Necromancy                   1
   c - Vampiric Draining              Necromancy                   3
   d - Regeneration                   Charms/Necromancy            3
   e - Animate Dead                   Necromancy                   4
   f - Borgnjor's Vile Clutch         Necromancy/Earth             5
Miscellaneous
 I - a box of beasts
Comestibles
 b - 17 rations
 t - 7 chunks of flesh


   Skills:
 * Level 6.8 Fighting
 + Level 5.7 Dodging
 + Level 4.0 Stealth
 * Level 16.5 Unarmed Combat


You had one spell level left.
You knew the following spells:

 Your Spells              Type           Power        Failure   Level  Hunger
a - Mephitic Cloud        Conj/Pois/Air  #.......     78%         3    ####...
b - Blink                 Tloc           N/A          54%         2    ###....
c - Slow                  Hex            #.......     54%         2    ###....
d - Infusion              Chrm           #...         41%         1    ##.....
e - Song of Slaying       Chrm           #.......     54%         2    ###....


Dungeon Overview and Level Annotations

Branches:
Dungeon (9/15)             Temple (1/1) D:7            Lair (3/6) D:9
    Orc (0/2) D:9
  Swamp: Lair:2-4    Shoals: Lair:2-4     Snake: Lair:2-4    Spider: Lair:2-4

Altars:
Ashenzari
Cheibriados
Dithmenos
Elyvilon
Fedhas
Gozag
Hepliaklqana
Kikubaaqudgha
Makhleb
Nemelex Xobeh
Okawaru
Qazlal
Ru
Sif Muna
Trog
Uskayaw
Vehumet
Wu Jian
Xom
Yredelemnul
Zin
The Shining One

Shops:
D:4 (   D:5 (

Annotations:
Lair:3 exclusion: 4 oklob plants


Innate Abilities, Weirdness & Mutations

You are too large for most types of armour.
You have claws for hands.
Your metabolism is lightning-fast.
You like to eat raw meat.
Your natural rate of healing is unusually fast.
You are covered in fur. (AC +1)
You have very tough skin. (AC +2)
You are partially covered in yellow scales. (AC +2)
You are frail. (-10% HP)


Message History

The acid burns!
You see here a bullfrog corpse.
You mangle the oklob plant!!
The oklob plant is heavily damaged.
The oklob plant spits acid at you. The splash of acid hits you!
You are splashed with acid!
The acid burns!
The oklob plant spits acid at you. The splash of acid hits you!
You are splashed with acid!
The acid burns!
* * * LOW HITPOINT WARNING * * *
You feel better. The oklob plant spits acid at you.
The splash of acid misses you. The oklob plant spits acid at you.
The splash of acid hits you!
* * * LOW HITPOINT WARNING * * *
You are splashed with acid!
The acid burns!
* * * LOW HITPOINT WARNING * * *
The oklob plant spits acid at you. The splash of acid hits you!
You die...

#...## ##.... #....# ###
##.....
#...#####.###.#....
#..................
#.........#####.#..
#.........# ####.
#.........## #
#.†........## #####
#.@.........###.#.#
#######..................
#)[$[P†.(................
#$$.$....................
#$$..$P...##.............
#PP=.(P....##............
#..$P.P..#.#.....##..PP.#
#######.###.#............
##.. #.............


You could see 4 oklob plants.

Vanquished Creatures
  3 hydras
  3 death yaks (D:9)
  The ghost of Brandom the Pure, a novice FoAK of Lugonu (D:7)
  Pikel (D:7)
  An ugly thing (D:8)
  A black mamba (Lair:1)
  Joseph (D:7)
  A torpor snail (Lair:3)
  3 spiny frogs (Lair:1)
  2 komodo dragons
  Grinder (D:4)
  Prince Ribbit (D:6)
  A blink frog (Lair:3)
  6 dream sheep (Lair:2)
  2 hippogriffs
  25 yaks
  A wyvern (D:9)
  Eustachio (D:4)
  The ghost of happinesssam the Caller, an amateur TeSu of Sif Muna (D:3)
  A soldier ant (D:7)
  6 water moccasins
  2 black bears
  3 porcupines
  4 sky beasts
  3 ice beasts
  Duvessa (D:4)
  11 orc warriors
  2 phantoms
  A hornet zombie (D:7)
  A slave (D:7)
  A necrophage (D:8)
  3 ogres
  4 centaurs
  2 crocodiles (Lair:2)
  9 bullfrogs
  A wyvern skeleton (D:6)
  Dowan (D:4)
  8 killer bees
  4 wights (D:8)
  2 howler monkeys
  2 crimson imps
  A quasit (D:8)
  A bullfrog zombie (D:9)
  8 orc wizards
  2 jellies
  2 centaur skeletons (D:7)
  3 orc priests
  Crazy Yiuf (D:5)
  3 hounds
  An iron imp (D:6)
  A bullfrog skeleton (D:5)
  3 iguanas
  6 worker ants
  A hound zombie (D:9)
  6 gnolls
  10 adders
  4 river rats (D:5)
  A shadow imp (D:9)
  3 oozes
  2 adder skeletons
  A worm (D:2)
  5 leopard geckos
  29 orcs
  A ball python (D:1)
  8 bats
  3 giant cockroaches
  8 goblins
  7 hobgoblins
  6 jackals
  16 kobolds
  3 quokkas
  6 frilled lizards
  A jackal skeleton (D:6)
  A leopard gecko skeleton (D:3)
  A quokka zombie (D:5)
  2 rats
  A bush (Lair:2)
  A plant (Lair:3)
287 creatures vanquished.

Vanquished Creatures (others)
  3 slaves (D:7)
  A howler monkey (D:7)
  A hound skeleton (D:7)
  A fungus (Lair:3)
  2 plants
8 creatures vanquished.

Grand Total: 295 creatures vanquished

Notes
Turn   | Place    | Note
-------+----------+-------------------------------------------
     0 | D:1      | OnekoMk1 the Troll Monk began the quest for the Orb.
     0 | D:1      | Reached XP level 1. HP: 22/22 MP: 0/0
    33 | D:1      | Reached XP level 2. HP: 21/29 MP: 1/1
   597 | D:1      | Reached XP level 3. HP: 22/36 MP: 2/2
   680 | D:2      | Found an opulent altar of Gozag.
   926 | D:2      | Found a hazy altar of Hepliaklqana.
   926 | D:2      | Found an iron altar of Okawaru.
  1173 | D:3      | Reached skill level 4 in Unarmed Combat
  1340 | D:3      | Reached XP level 4. HP: 44/44 MP: 3/3
  1564 | D:3      | Noticed happinesssam's ghost (amateur TeSu)
  1621 | D:3      | Killed happinesssam's ghost
  1621 | D:3      | Reached skill level 5 in Unarmed Combat
  1621 | D:3      | Reached XP level 5. HP: 23/53 MP: 4/4
  2015 | D:4      | Reached XP level 6. HP: 57/61 MP: 5/5
  2027 | D:4      | Found Bumos's Weapon Emporium.
  2123 | D:4      | Reached skill level 6 in Unarmed Combat
  2182 | D:4      | Noticed Eustachio
  2201 | D:4      | Killed Eustachio
  2201 | D:4      | Reached XP level 7. HP: 66/67 MP: 6/6
  2255 | D:4      | Noticed Dowan
  2256 | D:4      | Noticed Duvessa
  2274 | D:4      | Killed Dowan
  2283 | D:4      | HP: 1/67 [Duvessa/short sword (13)]
  2292 | D:4      | Killed Duvessa
  2292 | D:4      | Reached skill level 7 in Unarmed Combat
  2511 | D:4      | Noticed Grinder
  2513 | D:4      | Paralysed by Grinder for 5 turns
  2524 | D:4      | Killed Grinder
  2599 | D:5      | Entered Level 5 of the Dungeon
  2643 | D:5      | Found a hide-covered altar of Uskayaw.
  2675 | D:5      | Reached skill level 8 in Unarmed Combat
  2750 | D:5      | Reached XP level 8. HP: 69/78 MP: 7/7
  2758 | D:5      | Learned a level 3 spell: Mephitic Cloud
  2761 | D:5      | Learned a level 2 spell: Blink
  2764 | D:5      | Learned a level 2 spell: Slow
  2970 | D:5      | Found a runed door.
  2974 | D:5      | Noticed Crazy Yiuf
  2978 | D:5      | Killed Crazy Yiuf
  3079 | D:5      | Found Fusmebij's Weapon Shop.
  3132 | D:5      | Found a white marble altar of Elyvilon.
  3207 | D:5      | Found a basalt altar of Yredelemnul.
  3617 | D:6      | Reached skill level 9 in Unarmed Combat
  3636 | D:6      | Found a snail-covered altar of Cheibriados.
  3842 | D:6      | Noticed Prince Ribbit
  3861 | D:6      | Killed Prince Ribbit
  3861 | D:6      | Reached skill level 10 in Unarmed Combat
  3861 | D:6      | Reached XP level 9. HP: 34/85 MP: 8/8
  3967 | D:6      | Found a deep blue altar of Sif Muna.
  4248 | D:6      | Found a deep blue altar of Sif Muna.
  4482 | D:7      | Noticed Pikel
  4485 | D:7      | Noticed Brandom's ghost (novice FoAK)
  4496 | D:7      | Killed Pikel
  4515 | D:7      | Killed Brandom's ghost
  4515 | D:7      | Reached skill level 11 in Unarmed Combat
  4577 | D:7      | Found a hide-covered altar of Uskayaw.
  4596 | D:7      | Reached skill level 5 in Fighting
  4632 | D:7      | Found a staircase to the Ecumenical Temple.
  4634 | D:7      | Noticed Joseph
  4642 | Temple   | Entered the Ecumenical Temple
  4695 | Temple   | Became a worshipper of the Wu Jian Council
  4695 | Temple   | Reached * piety under Wu Jian
  4695 | Temple   | Reached ** piety under Wu Jian
  4754 | D:7      | Killed Joseph
  4790 | D:7      | Found a blossoming altar of Fedhas.
  4791 | D:7      | Found an ancient bone altar of Kikubaaqudgha.
  4845 | D:7      | Reached XP level 10. HP: 81/96 MP: 9/9
  5100 | D:7      | Reached skill level 12 in Unarmed Combat
  5416 | D:8      | Found a flagged portal.
  5447 | Bailey   | Entered a bailey
  5881 | D:8      | Reached *** piety under Wu Jian
  5957 | D:8      | Noticed a brown ugly thing
  5964 | D:8      | Killed a brown ugly thing
  5964 | D:8      | Reached skill level 13 in Unarmed Combat
  5977 | D:8      | Found a bloodstained altar of Trog.
  6220 | D:9      | Found a sacrificial altar of Ru.
  6229 | D:9      | Found a shadowy altar of Dithmenos.
  6411 | D:9      | Noticed a death yak
  6411 | D:9      | Noticed a death yak
  6413 | D:9      | Found a staircase to the Lair.
  6425 | D:9      | Noticed a death yak
  6428 | D:9      | Killed a death yak
  6453 | D:9      | Killed a death yak
  6453 | D:9      | Reached skill level 5 in Dodging
  6453 | D:9      | Reached XP level 11. HP: 31/105 MP: 10/10
  6584 | D:9      | Gained mutation: You are frail. (-10% HP) [potion of mutation]
  6584 | D:9      | Gained mutation: You are partially covered in yellow scales. (AC +2) [potion of mutation]
  6670 | D:9      | Killed a death yak
  6670 | D:9      | Reached skill level 14 in Unarmed Combat
  6770 | D:9      | Reached **** piety under Wu Jian
  7008 | D:9      | Found a staircase to the Orcish Mines.
  7514 | Lair:1   | Entered Level 1 of the Lair of Beasts
  7648 | Lair:1   | Reached skill level 15 in Unarmed Combat
  8259 | Lair:2   | Noticed a four-headed hydra
  8286 | Lair:1   | Killed a ten-headed hydra
  8317 | Lair:2   | Reached XP level 12. HP: 95/103 MP: 11/11
  8340 | Lair:2   | Noticed an eight-headed hydra
  8345 | Lair:2   | Killed a ten-headed hydra
  8395 | Lair:2   | Noticed a six-headed hydra
  8409 | Lair:2   | Killed a nine-headed hydra
  8412 | Lair:2   | Reached skill level 16 in Unarmed Combat
  8843 | Lair:2   | Got a flickering brass ring
  8844 | Lair:2   | Identified the ring "Xenesoz" {rC+ Int+2} (You found it on level 2 of the Lair of Beasts)
  8847 | Lair:2   | Learned a level 1 spell: Infusion
  8850 | Lair:2   | Learned a level 2 spell: Song of Slaying
  9332 | Lair:3   | Reached ***** piety under Wu Jian
  9372 | Lair:3   | Killed from afar by an oklob plant

Vault maps used:
D:1:      minmay_arrival_shattered_statue
D:2:      nicolae_overflow_crystal_walls, gammafunk_temple_overflow_elements
D:4:      serial_shops, shop, uniq_duvessa, uniq_eustachio, uniq_grinder
D:5:      wad_woods_stonehenge, kennysheep_ying_yang, first_ration,
          serial_shops, shop_statue, uniq_crazy_yiuf_cottage
D:6:      kennysheep_orc_sif_temple, marbit_many_paths, slow_altar_1,
          uniq_prince_ribbit1
D:7:      grunt_temple_overflow_growth_and_decay,
          eat_drink_and_be_merry_uskayaw, minmay_temple_entry_grid, uniq_pikel,
          uniq_joseph
D:8:      lightli_temple_of_fire, enter_bailey_2
D:9:      hangedman_ru_absence, lemuel_doored_altar, dpeg_lair_monsters
Temple:   jpeg_temple_island
Lair:1:   small_statue_intersection, infiniplex_staircase_pool
Lair:2:   minmay_hedge_maze, lemuel_fruit_fields, grunt_megastairs_1
Lair:3:   minmay_lair_oklob_chamber
Bailey:   bailey_axe_4, bailey

Skill      XL: |  1  2  3  4  5  6  7  8  9 10 11 12 |
---------------+-------------------------------------+-----
Unarmed Combat | 4 5 6 8 10 11 13 15 16 | 16.5
Fighting       | 3 4 5 6 |  6.8
Dodging        | 3 4 5 |  5.7
Stealth        | 2 3 4 |  4.0

Action                   |  1- 3 |  4- 6 |  7- 9 | 10-12 || total
-------------------------+-------+-------+-------+-------++-------
Melee: Unarmed           |   127 |    83 |   205 |   494 ||   909
       Punch             |     1 |       |     6 |    29 ||    36
Throw: Tomahawk          |       |       |       |     2 ||     2
Invok: Whirlwind         |       |       |     2 |    44 ||    46
       Lunge             |       |       |     1 |    47 ||    48
       Wall jump         |       |       |       |    31 ||    31
       Serpent's Lash    |       |       |       |     3 ||     3
  Use: Scroll            |     1 |       |     6 |    17 ||    24
       Potion            |       |       |     4 |    13 ||    17
 Stab: Sleeping          |     2 |     2 |     9 |    11 ||    24
       Distracted        |       |       |       |     2 ||     2
       Invisible         |       |       |       |     2 ||     2
  Eat: Chunk             |    18 |     6 |    26 |    41 ||    91
Armor: Robe              |    68 |    14 |    50 |   122 ||   254
Dodge: Dodged            |   101 |    38 |    84 |   198 ||   421

Table legend:
 A = Spawn XP
 B = Non-spawn XP
 C = Spawn XP percentage of total XP
 D = Spawn monster count
 E = Non-spawn monster count
 F = Spawn count percentage of total count
 G = Total turns spent on level
                    A         B        C        D         E        F      G
               +---------+---------+-------+---------+---------+-------+---------
         Total |       0 |   28693 |   0.0 |       0 |     284 |   0.0 |  9372
               +---------+---------+-------+---------+---------+-------+---------
           D:1 |       0 |      35 |   0.0 |       0 |      18 |   0.0 |   628
           D:2 |       0 |      38 |   0.0 |       0 |      15 |   0.0 |   533
           D:3 |       0 |     279 |   0.0 |       0 |      27 |   0.0 |   844
           D:4 |       0 |     904 |   0.0 |       0 |      10 |   0.0 |   594
           D:5 |       0 |     611 |   0.0 |       0 |      26 |   0.0 |   956
           D:6 |       0 |    1359 |   0.0 |       0 |      24 |   0.0 |   927
           D:7 |       0 |    3105 |   0.0 |       0 |      20 |   0.0 |   787
           D:8 |       0 |    2091 |   0.0 |       0 |      22 |   0.0 |   652
           D:9 |       0 |    6642 |   0.0 |       0 |      49 |   0.0 |  1180
        Temple |       0 |     142 |   0.0 |       0 |       1 |   0.0 |    95
        Lair:1 |       0 |    5239 |   0.0 |       0 |      20 |   0.0 |   772
        Lair:2 |       0 |    5154 |   0.0 |       0 |      18 |   0.0 |   868
        Lair:3 |       0 |    1935 |   0.0 |       0 |       9 |   0.0 |   218
        Bailey |       0 |    1159 |   0.0 |       0 |      25 |   0.0 |   318
               +---------+---------+-------+---------+---------+-------+---------
